| TOP OF THE 1ST |
|
San Francisco (APP) Giants batting - Pitching for Philadelphia (APP) Phillies : LHP Gilg Martin
|
|
Pitching: LHP Gilg Martin
|
|
|
Batting: LHB Eddie Lemus
|
0-0: Called Strike 0-1: Swinging Strike 0-2: Foul Ball, location: 2F 0-2: Strikes out swinging
|
|
Batting: RHB Jonathan Hemsley
|
0-0: Called Strike 0-1: Called Strike 0-2: Ball 1-2: Foul Ball, location: 2F 1-2: TRIPLE (Flyball, 78XD, EV 95.0 MPH)
|
|
Batting: LHB Kuan Hsia
|
0-0: Foul Ball, location: 2F 0-1: Swinging Strike 0-2: Foul Ball, location: 2F 0-2: Ball 1-2: Ground out 4-3 (Groundball, 4, EV 78.1 MPH) Jonathan Hemsley scores
|
|
Batting: RHB Ricky Aguilar
|
0-0: Foul Ball, location: 2F 0-1: Foul Ball, location: 2F 0-2: Ball 1-2: Strikes out swinging
|
| Top of the 1st over - 1 run, 1 hit, 0 errors, 0 left on base; San Francisco (APP) 1 - Philadelphia (APP) 0 |
| BOTTOM OF THE 1ST |
|
Philadelphia (APP) Phillies batting - Pitching for San Francisco (APP) Giants : RHP Corey Foster
|
|
Pitching: RHP Corey Foster
|
|
|
Batting: LHB Jonathan Roman
|
0-0: Foul Ball, location: 2F 0-1: Ball 1-1: Foul Ball, location: 2F 1-2: Fly out, F6 (Popup, 4MD, EV 66.2 MPH)
|
|
Batting: LHB Travis Hahn
|
0-0: Foul Ball, location: 2F 0-1: Ground out U3 (Groundball, 3, EV 86.2 MPH)
|
|
Batting: LHB Rich Kuehne
|
0-0: Called Strike 0-1: Fly out, F8 (Flyball, 8RM, EV 78.1 MPH)
|
| Bottom of the 1st over - 0 runs, 0 hits, 0 errors, 0 left on base; San Francisco (APP) 1 - Philadelphia (APP) 0 |
| TOP OF THE 2ND |
|
San Francisco (APP) Giants batting - Pitching for Philadelphia (APP) Phillies : LHP Gilg Martin
|
|
Batting: RHB Noe Oliva
|
0-0: Called Strike 0-1: Ball 1-1: Ball 2-1: Foul Ball, location: 2F 2-2: Strikes out swinging
|
|
Batting: RHB Chris Kulik
|
0-0: Ball 1-0: Foul Ball, location: 2F 1-1: Hit by Pitch
|
|
Batting: RHB Azeem bin Zuhair
|
0-0: Ball 1-0: Foul Ball, location: 2F 1-1: Ball 2-1: Called Strike 2-2: Ball 3-2: Foul Ball, location: 2F 3-2: Base on Balls Chris Kulik to second
|
|
Batting: RHB Rúbem Trancoso
|
0-0: Ball 1-0: Called Strike 1-1: Ball 2-1: Foul Ball, location: 2F 2-2: Ball 3-2: Strikes out swinging
|
|
Batting: SHB Cedric Sweep
|
0-0: Foul Ball, location: 2F 0-1: Fly out, F9 (Flyball, 89D, EV 92.5 MPH)
|
| Top of the 2nd over - 0 runs, 0 hits, 0 errors, 2 left on base; San Francisco (APP) 1 - Philadelphia (APP) 0 |
| BOTTOM OF THE 2ND |
|
Philadelphia (APP) Phillies batting - Pitching for San Francisco (APP) Giants : RHP Corey Foster
|
|
Batting: SHB Brett St. Clair
|
0-0: Ball 1-0: Foul Ball, location: 2F 1-1: Ground out U3 (Groundball, 3, EV 81.2 MPH)
|
|
Batting: RHB Juan Valadez
|
0-0: Ball 1-0: Ball 2-0: Ball 3-0: Base on Balls
|
|
Batting: RHB Simon Mergeni
|
0-0: Called Strike 0-1: Called Strike 0-2: Fielders Choice at 2nd, 4-6 (Groundball, 4, EV 83.8 MPH)
|
|
Batting: RHB Zach Slot
|
0-0: DOUBLE (Flyball, 89D, EV 108.8 MPH) Simon Mergeni to third
|
|
Batting: RHB Dave Gallegos
|
0-0: Ball 1-0: Ball 2-0: Ball 3-0: Called Strike 3-1: Ground out 4-3 (Groundball, 4, EV 106.2 MPH)
|
| Bottom of the 2nd over - 0 runs, 1 hit, 0 errors, 2 left on base; San Francisco (APP) 1 - Philadelphia (APP) 0 |
| TOP OF THE 3RD |
|
San Francisco (APP) Giants batting - Pitching for Philadelphia (APP) Phillies : LHP Gilg Martin
|
|
Batting: LHB Eddie Lemus
|
0-0: Ball 1-0: Ground out 4-3 (Groundball, 4, EV 85.6 MPH)
|
|
Batting: RHB Jonathan Hemsley
|
0-0: Ball 1-0: Swinging Strike 1-1: Called Strike 1-2: Ball 2-2: SOLO HOME RUN (Flyball, 7D, EV 95.6 MPH), Distance : 360 ft
|
|
Batting: LHB Kuan Hsia
|
0-0: Fly out, F9 (Flyball, 9, EV 90.0 MPH)
|
|
Batting: RHB Ricky Aguilar
|
0-0: Ball 1-0: SINGLE (Line Drive, 4D, EV 97.5 MPH)
|
|
Batting: RHB Noe Oliva
|
0-0: Ball 1-0: Called Strike 1-1: Ball 2-1: Ball 3-1: Swinging Strike 3-2: Foul Ball, location: 2F 3-2: Strikes out swinging
|
| Top of the 3rd over - 1 run, 2 hits, 0 errors, 1 left on base; San Francisco (APP) 2 - Philadelphia (APP) 0 |
| BOTTOM OF THE 3RD |
|
Philadelphia (APP) Phillies batting - Pitching for San Francisco (APP) Giants : RHP Corey Foster
|
|
Batting: RHB Alexis Graciani
|
0-0: Ball 1-0: Called Strike 1-1: Ground out 6-3 (Groundball, 6, EV 88.1 MPH)
|
|
Pitching: RHP Sam Green
|
|
|
Batting: LHB Jonathan Roman
|
0-0: SINGLE (Groundball, 34D, EV 100.0 MPH) (infield hit)
|
|
Batting: LHB Travis Hahn
|
0-0: Ball 1-0: Ball 2-0: Called Strike 2-1: Ball Wild Pitch! Jonathan Roman to second 3-1: Base on Balls
|
|
Batting: LHB Rich Kuehne
|
0-0: Called Strike 0-1: Ball 1-1: Foul Ball, location: 2F 1-2: Ball 2-2: SINGLE (Groundball, P, EV 83.1 MPH) (infield hit) Jonathan Roman to third Travis Hahn to second
|
|
Batting: SHB Brett St. Clair
|
0-0: Ball 1-0: Ball 2-0: Called Strike 2-1: SINGLE (Groundball, 56D, EV 105.0 MPH) Jonathan Roman scores Travis Hahn to third Rich Kuehne to second
|
|
Batting: RHB Juan Valadez
|
0-0: Ball 1-0: Swinging Strike 1-1: Ball 2-1: Foul Ball, location: 2F 2-2: Ball 3-2: Base on Balls Travis Hahn scores Rich Kuehne to third Brett St. Clair to second
|
|
Batting: RHB Simon Mergeni
|
0-0: Called Strike 0-1: Ball 1-1: Ball 2-1: Swinging Strike 2-2: Ball 3-2: DOUBLE (Groundball, 3L, EV 103.8 MPH) Rich Kuehne scores Brett St. Clair scores Juan Valadez to third
|
|
Batting: RHB Zach Slot
|
0-0: Ball 1-0: Ball 2-0: Ball 3-0: Base on Balls
|
|
Batting: RHB Dave Gallegos
|
0-0: Ball 1-0: Ball 2-0: Foul Ball, location: 2F 2-1: Ball 3-1: Base on Balls Juan Valadez scores Simon Mergeni to third Zach Slot to second
|
|
Batting: RHB Alexis Graciani
|
0-0: Swinging Strike 0-1: Foul Ball, location: 2F 0-2: Ball 1-2: Ball 2-2: Ball 3-2: Strikes out swinging
|
|
Batting: LHB Jonathan Roman
|
0-0: Foul Ball, location: 2F 0-1: Foul Ball, location: 2F 0-2: Ball 1-2: Ball 2-2: SINGLE (Groundball, 4MS, EV 56.9 MPH) (infield hit) Simon Mergeni scores Zach Slot to third Dave Gallegos to second
|
|
Batting: LHB Travis Hahn
|
0-0: Ball 1-0: Called Strike 1-1: Ball 2-1: GRAND SLAM HOME RUN (Flyball, 78XD, EV 97.5 MPH), Distance : 388 ft
|
|
Pitching: RHP Newt Reid
|
|
|
Batting: LHB Rich Kuehne
|
0-0: Called Strike 0-1: Foul Ball, location: 2F 0-2: Foul Ball, location: 2F 0-2: Foul Ball, location: 2F 0-2: Ground out 6-3 (Groundball, 6, EV 108.8 MPH)
|
| Bottom of the 3rd over - 10 runs, 6 hits, 0 errors, 0 left on base; San Francisco (APP) 2 - Philadelphia (APP) 10 |
| TOP OF THE 4TH |
|
San Francisco (APP) Giants batting - Pitching for Philadelphia (APP) Phillies : LHP Gilg Martin
|
|
Batting: RHB Chris Kulik
|
0-0: Ball 1-0: Called Strike 1-1: Called Strike 1-2: Ball 2-2: Foul Ball, location: 2F 2-2: Ball 3-2: Strikes out swinging
|
|
Batting: RHB Azeem bin Zuhair
|
0-0: Foul Ball, location: 2F 0-1: Fly out, F3 (Popup, 3SF, EV 83.8 MPH)
|
|
Batting: RHB Rúbem Trancoso
|
0-0: Fly out, F3 (Line Drive, 34, EV 71.9 MPH)
|
| Top of the 4th over - 0 runs, 0 hits, 0 errors, 0 left on base; San Francisco (APP) 2 - Philadelphia (APP) 10 |
| BOTTOM OF THE 4TH |
|
Philadelphia (APP) Phillies batting - Pitching for San Francisco (APP) Giants : RHP Newt Reid
|
|
Batting: SHB Brett St. Clair
|
0-0: Ball 1-0: Ball 2-0: Ball 3-0: Base on Balls
|
|
Batting: RHB Juan Valadez
|
0-0: Foul Ball, location: 2F 0-1: Fly out, F8 (Flyball, 89D, EV 103.8 MPH)
|
|
Batting: RHB Simon Mergeni
|
0-0: Called Strike 0-1: Ball 1-1: Foul Ball, location: 2F 1-2: Ball 2-2: Fly out, F8 (Flyball, 89XD, EV 96.2 MPH)
|
|
Batting: RHB Zach Slot
|
0-0: Swinging Strike 0-1: Foul Ball, location: 2F 0-2: Ball 1-2: Strikes out swinging
|
| Bottom of the 4th over - 0 runs, 0 hits, 0 errors, 1 left on base; San Francisco (APP) 2 - Philadelphia (APP) 10 |
| TOP OF THE 5TH |
|
San Francisco (APP) Giants batting - Pitching for Philadelphia (APP) Phillies : LHP Gilg Martin
|
|
Batting: SHB Cedric Sweep
|
0-0: Called Strike 0-1: Ball 1-1: Foul Ball, location: 2F 1-2: Strikes out swinging, 2-3 out at first.
|
|
Batting: LHB Eddie Lemus
|
0-0: Ball 1-0: Called Strike 1-1: SINGLE (Flyball, 9LS, EV 88.8 MPH)
|
|
Batting: RHB Jonathan Hemsley
|
0-0: Called Strike 0-1: Swinging Strike 0-2: Foul Ball, location: 2F 0-2: Ball 1-2: Ball 2-2: Ball 3-2: Foul Ball, location: 2F 3-2: Strikes out swinging
|
|
Pitching: RHP Hugo Rodriguez
|
|
|
Batting: LHB Kuan Hsia
|
0-0: Foul Ball, location: 2F 0-1: Ball 1-1: Foul Ball, location: 2F 1-2: Foul Ball, location: 2F 1-2: Ball 2-2: Foul Ball, location: 2F 2-2: DOUBLE (Line Drive, 9LD, EV 111.2 MPH) Eddie Lemus to third Runner from 3rd tries for Home, SAFE, throw by RF to home
|
|
Batting: RHB Ricky Aguilar
|
0-0: Ground out 5-3 (Groundball, 5S, EV 81.9 MPH)
|
| Top of the 5th over - 1 run, 2 hits, 0 errors, 1 left on base; San Francisco (APP) 3 - Philadelphia (APP) 10 |
| BOTTOM OF THE 5TH |
|
Philadelphia (APP) Phillies batting - Pitching for San Francisco (APP) Giants : RHP Newt Reid
|
|
Batting: RHB Dave Gallegos
|
0-0: Swinging Strike 0-1: Ball 1-1: Foul Ball, location: 2F 1-2: Ball 2-2: Foul Ball, location: 2F 2-2: Strikes out swinging, 2-3 out at first.
|
|
Batting: RHB Alexis Graciani
|
0-0: Ball 1-0: SINGLE (Groundball, 6MD, EV 99.4 MPH)
|
|
Batting: LHB Jonathan Roman
|
0-0: Ball 1-0: Called Strike 1-1: Foul Ball, location: 2F 1-2: Ball 2-2: Ball 3-2: Foul Ball, location: 2F 3-2: 2-RUN HOME RUN (Flyball, 78XD, EV 100.6 MPH), Distance : 396 ft
|
|
Batting: LHB Travis Hahn
|
0-0: Called Strike 0-1: Ball 1-1: Ball 2-1: Ball 3-1: Base on Balls
|
|
Batting: LHB Rich Kuehne
|
0-0: Ball 1-0: DOUBLE (Line Drive, 89D, EV 106.9 MPH) Travis Hahn to third
|
|
Batting: SHB Brett St. Clair
|
0-0: Ball 1-0: Foul Ball, location: 2F 1-1: Called Strike 1-2: Ball 2-2: Ball 3-2: 3-RUN HOME RUN (Flyball, 78XD, EV 99.4 MPH), Distance : 403 ft
|
|
Pitching: RHP Conrad van Gemert
|
|
|
Batting: RHB Juan Valadez
|
0-0: Called Strike 0-1: Fly out, F8 (Flyball, 89D, EV 90.6 MPH)
|
|
Batting: RHB Simon Mergeni
|
0-0: Ball 1-0: Ground out 4-3 (Groundball, 34, EV 103.1 MPH)
|
| Bottom of the 5th over - 5 runs, 4 hits, 0 errors, 0 left on base; San Francisco (APP) 3 - Philadelphia (APP) 15 |
| TOP OF THE 6TH |
|
San Francisco (APP) Giants batting - Pitching for Philadelphia (APP) Phillies : RHP Hugo Rodriguez
|
|
Batting: RHB Noe Oliva
|
0-0: Ball 1-0: Foul Ball, location: 2F 1-1: Ball 2-1: Ball 3-1: Called Strike 3-2: Strikes out swinging
|
|
Batting: RHB Chris Kulik
|
0-0: Called Strike 0-1: Called Strike 0-2: Ball 1-2: Strikes out swinging
|
|
Batting: RHB Azeem bin Zuhair
|
0-0: Foul Ball, location: 2F 0-1: Ball 1-1: Ball 2-1: Swinging Strike 2-2: Strikes out swinging
|
| Top of the 6th over - 0 runs, 0 hits, 0 errors, 0 left on base; San Francisco (APP) 3 - Philadelphia (APP) 15 |
| BOTTOM OF THE 6TH |
|
Philadelphia (APP) Phillies batting - Pitching for San Francisco (APP) Giants : RHP Conrad van Gemert
|
|
Batting: RHB Zach Slot
|
0-0: Foul Ball, location: 2F 0-1: TRIPLE (Line Drive, 8RXD, EV 105.6 MPH)
|
|
Batting: RHB Dave Gallegos
|
0-0: Ball 1-0: SINGLE (Groundball, 4MD, EV 103.8 MPH) Zach Slot scores
|
|
Batting: RHB Alexis Graciani
|
0-0: Ball Passed Ball! Dave Gallegos to second 1-0: Swinging Strike 1-1: Ball 2-1: Foul Ball, location: 2F 2-2: Ground out 6-3 (Groundball, 6M, EV 86.9 MPH) Dave Gallegos to third
|
|
Batting: LHB Jonathan Roman
|
0-0: Ball 1-0: Called Strike 1-1: Ball 2-1: Ball 3-1: Base on Balls
|
|
Pitching: LHP Justin Tidwell
|
|
|
Batting: LHB Travis Hahn
|
0-0: Swinging Strike 0-1: Ball 1-1: Swinging Strike 1-2: Ball 2-2: Foul Ball, location: 2F 2-2: Strikes out swinging
|
|
Batting: LHB Rich Kuehne
|
0-0: Ball 1-0: Foul Ball, location: 2F 1-1: SINGLE (Groundball, 34D, EV 103.1 MPH) Dave Gallegos scores Jonathan Roman to second Throwing error, E9 Jonathan Roman scores Rich Kuehne to second
|
|
Batting: SHB Brett St. Clair
|
0-0: Foul Ball, location: 2F 0-1: Ball 1-1: Ball 2-1: Ball 3-1: Base on Balls
|
|
Batting: RHB Juan Valadez
|
0-0: Fly out, F8 (Line Drive, 78M, EV 105.0 MPH)
|
| Bottom of the 6th over - 3 runs, 3 hits, 1 error, 2 left on base; San Francisco (APP) 3 - Philadelphia (APP) 18 |
| TOP OF THE 7TH |
|
San Francisco (APP) Giants batting - Pitching for Philadelphia (APP) Phillies : RHP Hugo Rodriguez
|
|
Pitching: LHP Marc Haigler
|
|
|
Batting: RHB Rúbem Trancoso
|
0-0: Ball 1-0: DOUBLE (Line Drive, 89M, EV 102.5 MPH)
|
|
Batting: SHB Cedric Sweep
|
0-0: Ball 1-0: Called Strike 1-1: Fly out, F8 (Line Drive, 8RM, EV 93.8 MPH)
|
|
Batting: LHB Eddie Lemus
|
0-0: Called Strike Rúbem Trancoso steals 3rd base 0-1: Fly out, F7 (Flyball, 7LS, EV 91.9 MPH)
|
|
Batting: RHB Jonathan Hemsley
|
0-0: Called Strike 0-1: Ball Wild Pitch! Rúbem Trancoso scores 1-1: Ball 2-1: Swinging Strike 2-2: Strikes out swinging
|
| Top of the 7th over - 1 run, 1 hit, 0 errors, 0 left on base; San Francisco (APP) 4 - Philadelphia (APP) 18 |
| BOTTOM OF THE 7TH |
|
Philadelphia (APP) Phillies batting - Pitching for San Francisco (APP) Giants : LHP Justin Tidwell
|
|
Batting: RHB Simon Mergeni
|
0-0: Ball 1-0: Called Strike 1-1: Swinging Strike 1-2: Ball 2-2: Ball 3-2: Base on Balls
|
|
Pitching: LHP Ken Cromsie
|
|
|
Batting: RHB Zach Slot
|
0-0: Ball 1-0: Fielders Choice at 2nd, 3-6 (Groundball, 3, EV 87.5 MPH)
|
|
Batting: RHB Dave Gallegos
|
0-0: Ground out 6-3 (Groundball, 6, EV 102.5 MPH) Zach Slot to second
|
|
Batting: RHB Alexis Graciani
|
0-0: Called Strike 0-1: Ball 1-1: Swinging Strike 1-2: Strikes out swinging
|
| Bottom of the 7th over - 0 runs, 0 hits, 0 errors, 1 left on base; San Francisco (APP) 4 - Philadelphia (APP) 18 |
| TOP OF THE 8TH |
|
San Francisco (APP) Giants batting - Pitching for Philadelphia (APP) Phillies : LHP Marc Haigler
|
|
Batting: LHB Kuan Hsia
|
0-0: Called Strike 0-1: Called Strike 0-2: Strikes out looking
|
|
Batting: RHB Ricky Aguilar
|
0-0: Called Strike 0-1: DOUBLE (Groundball, 5L, EV 95.0 MPH)
|
|
Batting: RHB Noe Oliva
|
0-0: Called Strike 0-1: Foul Ball, location: 2F 0-2: Ball 1-2: Foul Ball, location: 2F 1-2: Ball 2-2: Foul Ball, location: 2F 2-2: Ball 3-2: Fly out, F8 (Flyball, 8LM, EV 76.9 MPH)
|
|
Batting: RHB Chris Kulik
|
0-0: Called Strike 0-1: Foul Ball, location: 2F 0-2: Strikes out swinging
|
| Top of the 8th over - 0 runs, 1 hit, 0 errors, 1 left on base; San Francisco (APP) 4 - Philadelphia (APP) 18 |
| BOTTOM OF THE 8TH |
|
Philadelphia (APP) Phillies batting - Pitching for San Francisco (APP) Giants : LHP Ken Cromsie
|
|
Batting: LHB Jonathan Roman
|
0-0: Ball 1-0: Ball 2-0: Ball 3-0: Base on Balls
|
|
Batting: LHB Travis Hahn
|
0-0: Ball 1-0: Ball 2-0: Foul Ball, location: 2F 2-1: 2-RUN HOME RUN (Line Drive, 89XD, EV 112.5 MPH), Distance : 416 ft
|
|
Pinch Hitting: LHB Jesse Haught
|
0-0: Called Strike 0-1: Ball 1-1: Fly out, F6 (Popup, 6, EV 62.5 MPH)
|
|
Batting: SHB Brett St. Clair
|
0-0: Ball 1-0: Foul Ball, location: 2F 1-1: Swinging Strike 1-2: Ground out 1-3 (Groundball, 13S, EV 72.5 MPH)
|
|
Batting: RHB Juan Valadez
|
0-0: Ball 1-0: Ball 2-0: Ball 3-0: Base on Balls
|
|
Batting: RHB Simon Mergeni
|
0-0: Called Strike 0-1: Ball 1-1: Fly out, F9 (Flyball, 9LMF, EV 105.0 MPH)
|
| Bottom of the 8th over - 2 runs, 1 hit, 0 errors, 1 left on base; San Francisco (APP) 4 - Philadelphia (APP) 20 |
| TOP OF THE 9TH |
|
San Francisco (APP) Giants batting - Pitching for Philadelphia (APP) Phillies : LHP Marc Haigler
|
|
Now in LF: Jesse Haught
|
|
|
Batting: RHB Azeem bin Zuhair
|
0-0: Ball 1-0: Swinging Strike 1-1: Ball 2-1: Ball 3-1: Called Strike 3-2: Strikes out swinging
|
|
Batting: RHB Rúbem Trancoso
|
0-0: Fly out, F6 (Popup, 6S, EV 85.6 MPH)
|
|
Batting: SHB Cedric Sweep
|
0-0: Called Strike 0-1: Foul Ball, location: 2F 0-2: Ball 1-2: Ball 2-2: Ball 3-2: Strikes out swinging
|
| Top of the 9th over - 0 runs, 0 hits, 0 errors, 0 left on base; San Francisco (APP) 4 - Philadelphia (APP) 20 |
|